 Dungeon Crawl Stone Soup version 0.29-a0-582-ge82337ba6a (webtiles) character file.

Game seed: 6845305403288805740

28 Persephone the Skirmisher (level 3, -2/34 HPs)
             Began as a Naga Fighter on June 14, 2022.
             Slain by Natasha (8 damage)
             ... on level 2 of the Dungeon.
             The game lasted 00:03:23 (1068 turns).

Persephone the Skirmisher (Naga Fighter)            Turns: 1068, Time: 00:03:24

Health: -2/34      AC:  4    Str: 18    XL:     3   Next: 12%
Magic:  3/3        EV:  7    Int:  8    God:
Gold:   51         SH:  4    Dex: 12    Spells: 2/2 levels left

rFire   . . .      SeeInvis +   a - +0 trident
rCold   . . .      Faith    .   c - +0 buckler
rNeg    . . .      Spirit   .   b - +0 scale mail
rPois   +          Reflect  .   (no helmet)
rElec   .          Harm     .   (no cloak)
rCorr   .          Rampage  .   (no gloves)
Will    .....                   (no barding)
Stlth   ..........              (no amulet)
HPRegen 0.11/turn               (no ring)
MPRegen 0.08/turn               (no ring)

@: brilliant, slowed, very slow
A: AC +1, large, see invisible, deformed body, poison resistance, slowness 2,
spit poison 1, naga tail 1
a: Spit Poison


You were on level 2 of the Dungeon.
You visited 1 branch of the dungeon, and saw 2 of its levels.

You collected 51 gold pieces.

Inventory:

Hand Weapons
 a - a +0 trident (weapon)
Armour
 b - a +0 scale mail (worn)
 c - a +0 buckler (worn)
Scrolls
 e - a scroll of vulnerability {unknown}
 f - a scroll of enchant armour {unknown}
 h - a scroll of teleportation {unknown}
 l - a scroll of fog {unknown}
Potions
 d - a potion of might
 g - a potion of brilliance
 i - a potion of magic {unknown}
 j - a potion of haste {unknown}
 k - a potion of curing


   Skills:
 + Level 3.2 Fighting
 + Level 2.8 Polearms
 - Level 2.4 Armour
 + Level 3.0 Shields


You had 2 spell levels left.
You didn't know any spells.
Your spell library contained the following spells:

 Spells                   Type           Power      Damage    Failure   Level
 Beastly Appendage        Tmut           0%         N/A       86%         1
 Ensorcelled Hibernation  Hex/Ice        0%         N/A       95%         2
 Passwall                 Tmut/Erth      0%         N/A       95%         2
 Wereblood                Tmut           0%         N/A       95%         2
 Ignite Poison            Fire/Tmut/Pois 0%         N/A       99%         3
 Mephitic Cloud           Conj/Pois/Air  0%         N/A       99%         3
 Spider Form              Tmut/Pois      0%         N/A       99%         3
 Swiftness                Air            0%         N/A       99%         3
 Freezing Cloud           Conj/Ice/Air   0%         6-21      100%        5


Dungeon Overview and Level Annotations

Branches:
Dungeon (2/15)

Altars:

Annotations:
D:2 Natasha


Innate Abilities, Weirdness & Mutations

Your serpentine skin is tough. (AC +1)
You have supernaturally acute eyesight. (SInv)
Armour fits poorly on your strangely shaped body.
Your system is resistant to poisons. (rPois)
You cover ground very slowly.
You can spit poison.
You have a snake-like lower body.


Message History

You block the sling bullet.
Natasha mewls in sadness.
Natasha casts a spell at you. The magic dart hits you.
You reach to attack!
You hit the kobold.
You kill the kobold!
Natasha stares at you and mumbles some strange words.
You resist with some effort.
You reach to attack!
You barely miss Natasha. You hit Natasha but do no damage. Natasha claws you.
You closely miss Natasha. Natasha claws you!
You are too injured to fight recklessly!
You are too injured to fight recklessly!
You barely miss Natasha. Natasha claws you.
* * * LOW HITPOINT WARNING * * *
Natasha claws you.
* * * LOW HITPOINT WARNING * * *
You puncture Natasha!
Natasha is heavily wounded.
Natasha barely misses you.
It was a potion of brilliance.
You feel clever all of a sudden. Natasha claws you.
* * * LOW HITPOINT WARNING * * *
It was a potion of curing.
You feel better.
Natasha mumbles some strange words.
Natasha glows brightly for a moment.
You block Natasha's attack.
You miss Natasha.
Natasha is heavily wounded.
Natasha casts a spell at you.
You feel yourself slow down.
You barely miss Natasha.
Natasha is heavily wounded.
You block Natasha's attack. Natasha claws you.
* * * LOW HITPOINT WARNING * * *
You hit Natasha.
Natasha is almost dead.
Natasha claws you!
You die...

#.# #.# #.# #.#
#.#
#######.#######
.......h)......
#######@#####
##...........#
#.....##.###.#
#.....##...
#.....######
#..)..# #.....#
#. #.....# #.#
#.....#


You could see Natasha.

Vanquished Creatures
  2 dart slugs (D:1)
  A ball python (D:1)
  3 bats (D:1)
  2 endoplasms (D:1)
  A giant cockroach (D:1)
  4 goblins
  A hobgoblin (D:1)
  2 frilled lizards (D:1)
  4 kobolds
  2 rats (D:1)
22 creatures vanquished.

Notes
Turn   | Place    | Note
-------+----------+-------------------------------------------
     0 | D:1      | Persephone the Naga Fighter began the quest for the Orb.
     0 | D:1      | Reached XP level 1. HP: 21/21 MP: 1/1
   306 | D:1      | Reached XP level 2. HP: 28/28 MP: 2/2
   910 | D:1      | Reached XP level 3. HP: 30/34 MP: 3/3
  1056 | D:2      | Noticed Natasha
  1064 | D:2      | HP: 1/34 [Natasha (4)]
  1068 | D:2      | Slain by Natasha

Illustrated notes

Levels and vault maps discovered:
D:1:      dpeg_arrival_rooms_with_view, layout_basic,
          chequers_serial_rivers_small_3
D:2:      layout_basic, basic_altar, hellmonk_ecumenical_altar_lost_god,
          uniq_natasha

Skill      XL: |  1  2 |
---------------+-------+-----
Shields        | 3 |  3.0
Fighting       | |  3.2
Polearms       | |  2.8
Armour         | |  2.4

Action                   || total
-------------------------++-------
Melee: Trident           ||    64
  Use: Potion            ||     2
Armor: Scale mail        ||    22
Dodge: Dodged            ||    22
Block: Buckler           ||    12

Table legend: (Time is in decaauts)
 A = Elapsed time spent in this place.
 B = Non-inter-level travel time spent in this place.
 C = Inter-level travel time spent in this place.
 D = Time resting spent in this place.
 E = Time spent auto-exploring this place.
 F = Levels seen in this place.
 G = Mean time per level.
                   A        B        C        D        E       F      G
               +--------+--------+--------+--------+--------+-----+--------+
         Total |   1299 |   1260 |     39 |      0 |   1087 |   2 |  649.5 |
       Dungeon |   1299 |   1260 |     39 |      0 |   1087 |   2 |  649.5 |
               +--------+--------+--------+--------+--------+-----+--------+

Top non-repeatable levels by time:
     D:1: 1249 daAuts
     D:2: 50 daAuts
